 Dungeon Crawl Stone Soup version 0.31-a0-1025-g2e47921a08 (webtiles) character file.

Game seed: 14444672964204807686

7 kae the Vexing (level 1, 0/13 HPs)
             Began as a Demonspawn Enchanter on Nov 17, 2023.
             Slain by a goblin
             ... wielding a +0 club
              (2 damage)
             ... on level 1 of the Dungeon.
             The game lasted 00:00:04 (221 turns).

kae the Vexing (Demonspawn Enchanter)                Turns: 221, Time: 00:00:05

Health: 0/13       AC:  2    Str:  8    XL:     1   Next: 91%
Magic:  3/3        EV: 12    Int: 16    God:
Gold:   44         SH:  0    Dex: 13    Spells: 4/4 levels left

rFire   . . .        a - +1 dagger
rCold   . . .        (no shield)
rNeg    . . .        b - +0 robe
rPois   .            (no helmet)
rElec   .            (no cloak)
rCorr   .            (no gloves)
SInv    .            (no boots)
Will    .....        (no amulet)
Stlth   ++           (no ring)
HPRegen 0.22/turn    (no ring)
MPRegen 0.08/turn

%: no passive effects
@: no status effects
A: no striking features
a: no special abilities


You were on level 1 of the Dungeon.
You visited 1 branch of the dungeon, and saw 1 of its levels.

You collected 44 gold pieces.


   Skills:
 * Level 1.3 Short Blades
 - Level 1.7 Dodging
 + Level 2.8 Stealth
 + Level 2.1 Spellcasting
 + Level 3.1 Hexes


You had 4 spell levels left.
You didn't know any spells.
Your spell library contained the following spells:

 Spells                   Type           Power      Damage    Failure   Level
 Ensorcelled Hibernation  Hex/Ice        12%        N/A       16%         2
 Confusing Touch          Hex            11%        N/A       17%         3
 Tukima's Dance           Hex            11%        N/A       17%         3
 Dazzling Flash           Conj/Hex       12%        N/A       32%         3

Inventory:

Hand Weapons
 a - a +1 dagger (weapon)
Missiles
 d - 3 stones
Armour
 b - a +0 robe (worn)
Potions
 c - 2 potions of invisibility
 e - a potion of mutation {unknown}

Dungeon Overview and Level Annotations

Branches:
Dungeon (1/15) Zot: 5778

Altars:

#.# #.##....#.....# #.#
#.# #.##..####.#### #.#
#.###.##..# #.# ####.#
#.........# #+## #...).
#####.##### #...# #.####
##.# #..... #.# ##..#
#...... #.#
###########...####)......
#.#
.............#..@g.......
+.####
###########...####.......
#..... ##.##.## #......
#####. ##.#.#.# #.....
### #.###..# #...# ##.#
##.#.### #+## #... ##.##
#.# ##.# #.# #.# #.# #.#
##.########.#


You could see a goblin.


Message History

✅ Successfully initialized magus.rc [v1.11.3] Welcome, kae the Demonspawn Enchanter.
Are you destined to find the splendid Orb of Zot, or to die trying?
Press ? for a list of commands and other information.
Found a staircase leading out of the dungeon.
You open the large door.
There is a large open door here.
As you open the large door, it creaks loudly!
No target in view!
No target in view!
There is a large open door here.
You open the large door.
There is a large open door here.
You now have 10 gold pieces.
Found a stone staircase leading down.
No target in view!
No target in view!
There is a stone staircase leading down here.
You now have 23 gold pieces (gained 13).
A rat comes into view.
You barely miss the rat.
A rat is nearby!
You hit the rat. The rat bites you.
You closely miss the rat. The rat closely misses you. 😕 HP[-1]
You take 1 damage, and now have 12/13 hp.
A rat is nearby!
You hit the rat but do no damage. The rat barely misses you.
You hit the rat.
You kill the rat!
An endoplasm comes into view. 😎 HP[+1]
Your hp is fully restored (13).
An endoplasm is nearby!
You hit the endoplasm but do no damage. The endoplasm barely misses you.
You hit the endoplasm. The endoplasm closely misses you.
An endoplasm is nearby!
You hit the endoplasm.
You kill the endoplasm!
Your Short Blades skill increases to level 1!
No target in view!
You see here a +0 mace.
An endoplasm comes into view.
An endoplasm is nearby!
The endoplasm quivers.
An endoplasm is nearby!
You hit the endoplasm. The endoplasm closely misses you.
You hit the endoplasm.
You kill the endoplasm!
d - 3 stones You see here a +0 mace.
e - a puce potion No target in view!
No target in view!
You now have 36 gold pieces (gained 13).
You now have 44 gold pieces (gained 8).
Key pressed, stopping explore.
No target in view!
No target in view!
You open the door.
A bat, 2 goblins and 2 kobolds come into view.
The goblin shouts!
The kobold shouts!
The goblin closely misses you.
There is an open door here.
You hit the kobold.
You kill the kobold!
The goblin misses you.
There are monsters nearby!
You hit the goblin but do no damage. The goblin hits you with a +0 club.
You barely miss the bat. The bat hits you but does no damage.
The kobold hits you with a +0 dagger. The goblin hits you with a +0 club.
* * * LOW HITPOINT WARNING * * *
There are monsters nearby!
There are monsters nearby!
You are too injured to fight recklessly!
You are too injured to fight recklessly! 😨 HP[-8]
You take 8 damage, and now have 5/13 hp.
MASSIVE DAMAGE!! (PAUSE)
You barely miss the kobold. The kobold hits you with a +0 dagger.
* * * LOW HITPOINT WARNING * * *
😱 HP[-2]
You take 2 damage, and now have 3/13 hp.
You hit the kobold but do no damage. The kobold completely misses you.
You barely miss the kobold. The kobold hits you with a +0 dagger.
* * * LOW HITPOINT WARNING * * *
You hit the kobold. The kobold closely misses you.
You hit the kobold.
You kill the kobold!
The bat completely misses you. 😱 HP[-1]
You take 1 damage, and now have 2/13 hp.
You hit the goblin.
You kill the goblin!
The bat closely misses you. The bat hits you but does no damage.
You hit the bat.
You kill the bat!
You hit the goblin. The goblin hits you with a +0 club.
You die...

Skill      XL: |  1 |
---------------+----+-----
Short Blades   | 1 |  1.3
Dodging        | |  1.7
Stealth        | |  2.8
Spellcasting   | |  2.1
Hexes          | |  3.1

Action                     || total
---------------------------++-------
  Melee: Dagger            ||    21
 Armour: Robe              ||     9
  Dodge: Dodged            ||    11

Levels and vault maps discovered:
D:1:      lightli_arrival_lavapool, layout_loops_corners, serial_shops, shop

Notes
Turn   | Place    | Note
-------+----------+-------------------------------------------
     0 | D:1      | kae the Demonspawn Enchanter began the quest for the Orb.
     0 | D:1      | Reached XP level 1. HP: 13/13 MP: 3/3
     0 | D:1      | magus.rc [v1.11.3]
    73 | D:1      | Reached skill level 1 in Short Blades
   214 | D:1      | HP: 3/13 [kobold/+0 dagger (3)]
   216 | D:1      | HP: 1/13 [kobold/+0 dagger (2)]
   221 | D:1      | Slain by a goblin

Vanquished Creatures
  A bat (D:1)
  2 endoplasms (D:1)
  A goblin (D:1)
  2 kobolds (D:1)
  A rat (D:1)
7 creatures vanquished.

Table legend:
 A = Non-vault XP
 B = Vault XP
 C = Vault XP percentage of total XP
 D = Non-vault monster count
 E = Vault monster count
 F = Vault count percentage of total count
                 A         B        C        D         E       F
            +---------+---------+-------+---------+---------+-------
      Total |      11 |       0 |   0.0 |       7 |       0 |   0.0
            +---------+---------+-------+---------+---------+-------
        D:1 |      11 |       0 |   0.0 |       7 |       0 |   0.0
            +---------+---------+-------+---------+---------+-------

Skill      XL: |  1 |
---------------+----+-----
Short Blades   | 1 |  1.3
Dodging        | |  1.7
Stealth        | |  2.8
Spellcasting   | |  2.1
Hexes          | |  3.1

Action                     || total
---------------------------++-------
  Melee: Dagger            ||    21
 Armour: Robe              ||     9
  Dodge: Dodged            ||    11

Illustrated notes

Table legend:
 A = Kills in this place as a percentage of kills in the entire game.
 B = Kills by you in this place as a percentage of kills by you in the entire game.
 C = Kills by friends in this place as a percentage of kills by friends in the entire game.
 D = Other kills in this place as a percentage of other kills in the entire game.
 E = Experience gained in this place as a percentage of experience gained in the entire game.
 F = Experience gained in this place divided by the number of levels of this place that you have seen.
                   A       B       C       D       E      F
               +-------+-------+-------+-------+-------+----------------------
         Total | 100.0 | 100.0 |   N/A |   N/A | 100.0 |  11.0
       Dungeon | 100.0 | 100.0 |   N/A |   N/A | 100.0 |  11.0
               +-------+-------+-------+-------+-------+----------------------

Table legend: (Time is in decaauts)
 A = Elapsed time spent in this place.
 B = Non-inter-level travel time spent in this place.
 C = Inter-level travel time spent in this place.
 D = Time resting spent in this place.
 E = Time spent auto-exploring this place.
 F = Levels seen in this place.
 G = Mean time per level.
                   A        B        C        D        E       F      G
               +--------+--------+--------+--------+--------+-----+--------+
         Total |    220 |    220 |      0 |      0 |    187 |   1 |  220.0 |
       Dungeon |    220 |    220 |      0 |      0 |    187 |   1 |  220.0 |
               +--------+--------+--------+--------+--------+-----+--------+

Top non-repeatable levels by time:
     D:1: 220 daAuts
